TOP OF THE 1ST |
Madison Bombers batting - Pitching for Vista Panthers : RHP Warren Piniella
|
Pitching: RHP Warren Piniella
|
|
Batting: LHB Robin Hill
|
0-0: Foul Ball, location: 2F 0-1: Called Strike 0-2: Ball 1-2: Foul Ball, location: 2F 1-2: Fly out, F7 (Flyball, 7M)
|
Batting: RHB Sergio Márquez
|
0-0: Called Strike 0-1: Swinging Strike 0-2: Ball 1-2: Ball 2-2: Ground out 1-3 (Groundball, 13S)
|
Batting: RHB Bailey Ramsey
|
0-0: Ball 1-0: Fly out, F8 (Flyball, 8LM)
|
Top of the 1st over - 0 run(s), 0 hit(s), 0 error(s), 0 left on base; Madison 0 - Vista 0 |
BOTTOM OF THE 1ST |
Vista Panthers batting - Pitching for Madison Bombers : RHP Roberto Reyes
|
Pitching: RHP Roberto Reyes
|
|
Batting: LHB António Glaviz
|
0-0: Called Strike 0-1: Ball 1-1: Fly out, F9 (Flyball, 9D)
|
Batting: RHB Roberto Cruz
|
0-0: Ball 1-0: Ball 2-0: Foul Ball, location: 2F 2-1: Foul Ball, location: 2F 2-2: Fly out, F8 (Flyball, 8RD)
|
Batting: SHB Juan Gómez
|
0-0: Swinging Strike 0-1: Called Strike 0-2: Hit by Pitch
|
Batting: LHB Pablo Rivas
|
0-0: Called Strike 0-1: Swinging Strike 0-2: Strikes out swinging
|
Bottom of the 1st over - 0 run(s), 0 hit(s), 0 error(s), 1 left on base; Madison 0 - Vista 0 |
TOP OF THE 2ND |
Madison Bombers batting - Pitching for Vista Panthers : RHP Warren Piniella
|
Batting: SHB Michael McDonald
|
0-0: Ball 1-0: Swinging Strike 1-1: Swinging Strike 1-2: SOLO HOME RUN (Flyball, 9D), Distance : 410 ft
|
Batting: LHB Dave Williams
|
0-0: Called Strike 0-1: Ball 1-1: Ball 2-1: Called Strike 2-2: Fly out, F9 (Line Drive, 9LD)
|
Batting: SHB Derek Roach
|
0-0: Called Strike 0-1: Foul Ball, location: 2F 0-2: Strikes out swinging
|
Batting: LHB José Santos
|
0-0: DOUBLE (Groundball, 3L)
|
Batting: LHB Keith Tillman
|
0-0: Ball 1-0: Called Strike 1-1: Called Strike 1-2: Ball 2-2: Ball 3-2: Foul Ball, location: 2F 3-2: Base on Balls
|
Batting: LHB Avery Hopkins
|
0-0: Called Strike 0-1: Ball 1-1: Called Strike 1-2: Ball 2-2: Strikes out swinging
|
Top of the 2nd over - 1 run(s), 2 hit(s), 0 error(s), 2 left on base; Madison 1 - Vista 0 |
BOTTOM OF THE 2ND |
Vista Panthers batting - Pitching for Madison Bombers : RHP Roberto Reyes
|
Batting: LHB Patrick Osborne
|
0-0: Called Strike 0-1: Reached on error, E2 (Groundball, 2R)
|
Batting: LHB Jesús González
|
0-0: Ball 1-0: Ball 2-0: Swinging Strike 2-1: Ball 3-1: Swinging Strike 3-2: Ground out 4-3 (Groundball, 4) Patrick Osborne to third
|
Batting: RHB Danny Crouch
|
0-0: Ground out 6-3 (Groundball, 6) Patrick Osborne scores
|
Batting: RHB Javier Deleón
|
0-0: Swinging Strike 0-1: Foul Ball, location: 2F 0-2: Strikes out swinging
|
Bottom of the 2nd over - 1 run(s), 0 hit(s), 1 error(s), 0 left on base; Madison 1 - Vista 1 |
TOP OF THE 3RD |
Madison Bombers batting - Pitching for Vista Panthers : RHP Warren Piniella
|
Batting: LHB Robin Hill
|
0-0: Called Strike 0-1: Foul Ball, location: 2F 0-2: Ground out 4-3 (Groundball, 4M)
|
Batting: RHB Sergio Márquez
|
0-0: Ball 1-0: Foul Ball, location: 2F 1-1: Called Strike 1-2: Foul Ball, location: 2F 1-2: Ground out 4-3 (Groundball, 4)
|
Batting: RHB Bailey Ramsey
|
0-0: Ground out 6-3 (Groundball, 6M)
|
Top of the 3rd over - 0 run(s), 0 hit(s), 0 error(s), 0 left on base; Madison 1 - Vista 1 |
BOTTOM OF THE 3RD |
Vista Panthers batting - Pitching for Madison Bombers : RHP Roberto Reyes
|
Batting: RHB Luis Castillo
|
0-0: Ball 1-0: Ball 2-0: Ball 3-0: Called Strike 3-1: Ground out 5-3 (Groundball, 5S)
|
Batting: LHB António Glaviz
|
0-0: Ball 1-0: Ball 2-0: Called Strike 2-1: Swinging Strike 2-2: Ball 3-2: Base on Balls
|
Batting: RHB Roberto Cruz
|
0-0: Called Strike 0-1: Swinging Strike 0-2: Strikes out swinging
|
Batting: SHB Juan Gómez
|
0-0: Ball António Glaviz is caught stealing 2nd base
|
Bottom of the 3rd over - 0 run(s), 0 hit(s), 0 error(s), 0 left on base; Madison 1 - Vista 1 |
TOP OF THE 4TH |
Madison Bombers batting - Pitching for Vista Panthers : RHP Warren Piniella
|
Batting: SHB Michael McDonald
|
0-0: Ball 1-0: SINGLE (Groundball, 6MD)
|
Batting: LHB Dave Williams
|
0-0: Ball 1-0: Foul Ball, location: 2F 1-1: Grounds into double play, 4-6-3 (Groundball, 4)
|
Batting: SHB Derek Roach
|
0-0: Foul Ball, location: 2F 0-1: Ball 1-1: Foul Ball, location: 2F 1-2: Ground out 4-3 (Groundball, 4)
|
Top of the 4th over - 0 run(s), 1 hit(s), 0 error(s), 0 left on base; Madison 1 - Vista 1 |
BOTTOM OF THE 4TH |
Vista Panthers batting - Pitching for Madison Bombers : RHP Roberto Reyes
|
Batting: SHB Juan Gómez
|
0-0: Ball 1-0: Called Strike 1-1: Ball 2-1: Ball 3-1: Called Strike 3-2: Fly out, F7 (Flyball, 7LM)
|
Batting: LHB Pablo Rivas
|
0-0: Ball 1-0: Called Strike 1-1: Ground out 5-3 (Groundball, 56)
|
Batting: LHB Patrick Osborne
|
0-0: Called Strike 0-1: SOLO HOME RUN (Flyball, 7D), Distance : 440 ft
|
Batting: LHB Jesús González
|
0-0: Ball 1-0: Called Strike 1-1: Ground out 4-3 (Groundball, 4)
|
Bottom of the 4th over - 1 run(s), 1 hit(s), 0 error(s), 0 left on base; Madison 1 - Vista 2 |
TOP OF THE 5TH |
Madison Bombers batting - Pitching for Vista Panthers : RHP Warren Piniella
|
Batting: LHB José Santos
|
0-0: Swinging Strike 0-1: Ball 1-1: Ball 2-1: SINGLE (Line Drive, 6D)
|
Batting: LHB Keith Tillman
|
0-0: Called Strike 0-1: Ball 1-1: Ground out 3-1 (Groundball, 34S) José Santos to second
|
Batting: LHB Avery Hopkins
|
0-0: Called Strike 0-1: Ground out 6-3 (Groundball, 6M) José Santos to third
|
Batting: LHB Robin Hill
|
0-0: Ball 1-0: Called Strike 1-1: Ball 2-1: Fly out, F8 (Flyball, 78M)
|
Top of the 5th over - 0 run(s), 1 hit(s), 0 error(s), 1 left on base; Madison 1 - Vista 2 |
BOTTOM OF THE 5TH |
Vista Panthers batting - Pitching for Madison Bombers : RHP Roberto Reyes
|
Batting: RHB Danny Crouch
|
0-0: Ball 1-0: SINGLE (Groundball, 56D)
|
Batting: RHB Javier Deleón
|
0-0: Ball 1-0: Ball 2-0: Ball 3-0: Called Strike 3-1: Foul Ball, location: 2F 3-2: Grounds into double play, 5-4-3 (Groundball, 56)
|
Batting: RHB Luis Castillo
|
0-0: Ball 1-0: Ground out 5-3 (Groundball, 5)
|
Bottom of the 5th over - 0 run(s), 1 hit(s), 0 error(s), 0 left on base; Madison 1 - Vista 2 |
TOP OF THE 6TH |
Madison Bombers batting - Pitching for Vista Panthers : RHP Warren Piniella
|
Batting: RHB Sergio Márquez
|
0-0: Ball 1-0: Swinging Strike 1-1: Foul Ball, location: 2F 1-2: Strikes out swinging
|
Batting: RHB Bailey Ramsey
|
0-0: Ball 1-0: Foul Ball, location: 2F 1-1: Ball 2-1: Ball 3-1: Foul Ball, location: 2F 3-2: Ground out 5-3 (Groundball, 56)
|
Batting: SHB Michael McDonald
|
0-0: Reached on error, E3 (Groundball, 3)
|
Batting: LHB Dave Williams
|
0-0: Called Strike 0-1: Swinging Strike 0-2: Ball 1-2: Strikes out swinging
|
Top of the 6th over - 0 run(s), 0 hit(s), 1 error(s), 1 left on base; Madison 1 - Vista 2 |
BOTTOM OF THE 6TH |
Vista Panthers batting - Pitching for Madison Bombers : RHP Roberto Reyes
|
Batting: LHB António Glaviz
|
0-0: Ball 1-0: Ground out 4-3 (Groundball, 4M)
|
Batting: RHB Roberto Cruz
|
0-0: Called Strike 0-1: Swinging Strike 0-2: Ball 1-2: Ball 2-2: Ball 3-2: Strikes out swinging
|
Batting: SHB Juan Gómez
|
0-0: Ground out 1-3 (Groundball, 23)
|
Bottom of the 6th over - 0 run(s), 0 hit(s), 0 error(s), 0 left on base; Madison 1 - Vista 2 |
TOP OF THE 7TH |
Madison Bombers batting - Pitching for Vista Panthers : RHP Warren Piniella
|
Batting: SHB Derek Roach
|
0-0: Foul Ball, location: 2F 0-1: Ball 1-1: Ground out 6-3 (Groundball, 6)
|
Batting: LHB José Santos
|
0-0: Ball 1-0: Ball 2-0: Called Strike 2-1: Ground out 3-1 (Groundball, 34S)
|
Batting: LHB Keith Tillman
|
0-0: Ball 1-0: Ground out 3-1 (Groundball, 34)
|
Top of the 7th over - 0 run(s), 0 hit(s), 0 error(s), 0 left on base; Madison 1 - Vista 2 |
BOTTOM OF THE 7TH |
Vista Panthers batting - Pitching for Madison Bombers : RHP Roberto Reyes
|
Batting: LHB Pablo Rivas
|
0-0: Fly out, F7 (Flyball, 7D)
|
Batting: LHB Patrick Osborne
|
0-0: Ball 1-0: Ground out 4-3 (Groundball, 34)
|
Batting: LHB Jesús González
|
0-0: Ball 1-0: Foul Ball, location: 2F 1-1: Called Strike 1-2: Foul Ball, location: 2F 1-2: Ball 2-2: Foul Ball, location: 2F 2-2: Strikes out looking
|
Bottom of the 7th over - 0 run(s), 0 hit(s), 0 error(s), 0 left on base; Madison 1 - Vista 2 |
TOP OF THE 8TH |
Madison Bombers batting - Pitching for Vista Panthers : RHP Warren Piniella
|
Batting: LHB Avery Hopkins
|
0-0: Foul Ball, location: 2F 0-1: Swinging Strike 0-2: SINGLE (Groundball, 56D)
|
Batting: LHB Robin Hill
|
0-0: Sac Bunt - play at first, batter OUT! 1-4 Avery Hopkins to second
|
Batting: RHB Sergio Márquez
|
0-0: Called Strike 0-1: Ball 1-1: Swinging Strike 1-2: Ball 2-2: Ball 3-2: Base on Balls
|
Batting: RHB Bailey Ramsey
|
0-0: Ball 1-0: Called Strike 1-1: Ball 2-1: Grounds into double play, 6-4-3 (Groundball, 6)
|
Top of the 8th over - 0 run(s), 1 hit(s), 0 error(s), 1 left on base; Madison 1 - Vista 2 |
BOTTOM OF THE 8TH |
Vista Panthers batting - Pitching for Madison Bombers : RHP Roberto Reyes
|
Batting: RHB Danny Crouch
|
0-0: Ball 1-0: Swinging Strike 1-1: Called Strike 1-2: Fly out, F8 (Flyball, 8RS)
|
Batting: RHB Javier Deleón
|
0-0: Ball 1-0: Foul Ball, location: 2F 1-1: Ground out 5-3 (Groundball, 5S)
|
Batting: RHB Luis Castillo
|
0-0: Ball 1-0: Called Strike 1-1: Ball 2-1: Ball 3-1: Ground out 1-3 (Groundball, 13)
|
Bottom of the 8th over - 0 run(s), 0 hit(s), 0 error(s), 0 left on base; Madison 1 - Vista 2 |
TOP OF THE 9TH |
Madison Bombers batting - Pitching for Vista Panthers : RHP Warren Piniella
|
Pitching: RHP Steve Griffin
|
|
Batting: SHB Michael McDonald
|
0-0: Ball 1-0: Called Strike 1-1: Reached on error, E3 (Groundball, 3S)
|
Batting: LHB Dave Williams
|
0-0: Ball 1-0: Called Strike 1-1: Swinging Strike 1-2: Foul Ball, location: 2F 1-2: Strikes out looking
|
Batting: SHB Derek Roach
|
0-0: Foul Ball, location: 2F 0-1: Ball 1-1: Grounds into double play, U6-3 (Groundball, 6M)
|
Top of the 9th over - 0 run(s), 0 hit(s), 1 error(s), 0 left on base; Madison 1 - Vista 2 |
|